Workbook
Name \0: #REF!
Name \1: #REF!
Name \A: #REF!
Name \B: #REF!
Name \c: '[1]ELEMENTOS DE CURVAS'!#REF!
Name \D: #REF!
Name \df: #N/A
Name \E: #REF!
Name \F: #REF!
Name \k: #REF!
Name \m: #REF!
Name \PRECIOS: #REF!
Name \PRINT_BALANCO: #REF!
Name \R: #REF!
Name \T: #REF!
Name \v: #REF!
Name \x: '[1]ELEMENTOS DE CURVAS'!#REF!
Name \z: '[1]ELEMENTOS DE CURVAS'!#REF!
Name _______________________________inv2: '[5]CONSOL DRE GERAL'!$B$2:$L$99
Name ______________________________inv2: '[5]CONSOL DRE GERAL'!$B$2:$L$99
Name _____________________________inv2: '[5]CONSOL DRE GERAL'!$B$2:$L$99
Name ____________________________inv2: '[5]CONSOL DRE GERAL'!$B$2:$L$99
Name ___________________________inv2: '[5]CONSOL DRE GERAL'!$B$2:$L$99
Name __________________________inv2: '[5]CONSOL DRE GERAL'!$B$2:$L$99
Name _________________________inv2: '[5]CONSOL DRE GERAL'!$B$2:$L$99
Name ________________________inv2: '[5]CONSOL DRE GERAL'!$B$2:$L$99
Name _______________________inv2: '[5]CONSOL DRE GERAL'!$B$2:$L$99
Name ______________________inv2: '[5]CONSOL DRE GERAL'!$B$2:$L$99
Name _____________________inv2: '[5]CONSOL DRE GERAL'!$B$2:$L$99
Name ____________________inv2: '[5]CONSOL DRE GERAL'!$B$2:$L$99
Name ___________________inv2: '[5]CONSOL DRE GERAL'!$B$2:$L$99
Name __________________inv2: '[5]CONSOL DRE GERAL'!$B$2:$L$99
Name __________________PAG1: #REF!
Name _________________inv2: '[5]CONSOL DRE GERAL'!$B$2:$L$99
Name _________________PAG1: #REF!
Name ________________inv2: '[5]CONSOL DRE GERAL'!$B$2:$L$99
Name ________________PAG1: #REF!
Name _______________inv2: '[5]CONSOL DRE GERAL'!$B$2:$L$99
Name _______________PAG1: #REF!
Name ______________inv2: '[5]CONSOL DRE GERAL'!$B$2:$L$99
Name ______________PAG1: #REF!
Name _____________A1: '[6]T.I. COSTOS FIJOS Y VARIABLES'!#REF!
Name _____________AA502400: #REF!
Name _____________AA503100: #REF!
Name _____________AA503101: #REF!
Name _____________AA503107: #REF!
Name _____________AA503114: #REF!
Name _____________AA503115: #REF!
Name _____________AA503306: #REF!
Name _____________B2: #REF!
Name _____________BMT2: '[7]ctrl-exp'!$C$7:$I$1408
Name _____________DAT2: #REF!
Name _____________DAT3: '[8]mur CºCº'!$C$12:$G$167
Name _____________E1: '[9]ANALISIS ALQUILER FERREYROS'!$D$3:$AS$19
Name _____________F: #REF!
Name _____________inv2: '[5]CONSOL DRE GERAL'!$B$2:$L$99
Name _____________PAG1: #REF!
Name _____________pag2: #REF!
Name _____________pag3: #REF!
Name _____________pag4: #REF!

Sheet PRESUPUESTO
B1: PRESUPUESTO
B3: SERVICIO DE CONSTRUCCIÓN DE DIQUES Y PROTECCIÓN DE TALUDES DE DIQUES CON ENROCADO DEL SECTOR 2 SUBPROYECTO A4 PAMPA DEL TORO
F5: Fecha Pres. | G5: 44707
B6: ÍTEM | C6: DESCRIPCIÓN | D6: UNIDAD | E6: METRADO | F6: P.U. | G6: SUBTOTAL
B7: 1.01 | C7: OBRAS PROVISIONALES | G7: =SUM(G8:G10) -> 108800
B8: 36892 | C8: CARTEL DE IDENTIFICACIÓN DE OBRA 4.8 m x 3.60 m | D8: und | E8: 1 | F8: =' APU PARTIDAS'!K8 -> 2800 | G8: =F8*E8 -> 2800
B9: 37257 | C9: INSTALACIONES PROVISIONALES PARA LA OBRA | D9: glb | E9: 1 | F9: =' APU PARTIDAS'!K13 -> 50000 | G9: =F9*E9 -> 50000
B10: 37622 | C10: MANTENIMIENTO DE TRANSITO Y SEGURIDAD VIAL | D10: mes | E10: 1 | F10: =' APU PARTIDAS'!K22 -> 56000 | G10: =F10*E10 -> 56000
B11: 1.02 | C11: TRABAJOS PRELIMINARES | G11: =SUM(G12:G13) -> 174144.78
B12: 36893 | C12: MOVILIZACION Y DESMOVILIZACION DE EQUIPOS | D12: glb | E12: 1 | F12: =' APU PARTIDAS'!K28 -> 150000 | G12: =F12*E12 -> 150000
B13: 37258 | C13: TRAZO Y REPLANTEO DE OBRA | D13: m2 | E13: 6820.56 | F13: =' APU PARTIDAS'!K34 -> 3.54 | G13: =F13*E13 -> 24144.782
B14: 1.03 | C14: DIQUES Y PROTECCIÓN DE CAUCE CON ENROCADO | G14: =G15+G21+G29+G33+G39 -> 1445927.9
B15: 36894 | C15: DIQUE DE TIERRA COMPACTADA | G15: =SUM(G16:G20) -> 332180.4
B16: 1.03.01.01 | C16: DESBROCE Y LIMPIEZA EN ZONA NO BOSCOSA | D16: m2 | E16: 3665.08 | F16: =' APU PARTIDAS'!K41 -> 16.605681 | G16: =F16*E16 -> 60861.151
B17: 1.03.01.02 | C17: EXCAVACIÓN EN MATERIAL SUELTO CON EQUIPO | D17: m3 | E17: 2391.28 | F17: =' APU PARTIDAS'!K54 -> 7.1919933 | G17: =F17*E17 -> 17198.07
B18: 1.03.01.03 | C18: PERFILADO Y COMPACTACIÓN EN ZONA DE CORTE | D18: m2 | E18: 3003.65 | F18: =' APU PARTIDAS'!K66 -> 23.47959 | G18: =F18*E18 -> 70524.471
B19: 1.03.01.04 | C19: CONFORMACIÓN DE CUERPO DEL DIQUE | D19: m3 | E19: 3660.35 | F19: =' APU PARTIDAS'!K80 -> 40.384785 | G19: =F19*E19 -> 147822.45
B20: 1.03.01.05 | C20: CONFORMACIÓN DE MATERIAL GRANULAR EN CORONA DEL DIQUE | D20: m3 | E20: 416.11 | F20: =' APU PARTIDAS'!K97 -> 85.973074 | G20: =F20*E20 -> 35774.256
B21: 37259 | C21: ENROCADO CON PIEDRA ACOMODADA | G21: =SUM(G22:G28) -> 404862.43
B22: 01.03.02.01 | C22: DESBROCE Y LIMPIEZA EN ZONA NO BOSCOSA | D22: m2 | E22: 1513.32 | F22: =' APU PARTIDAS'!K117 -> 16.605681 | G22: =F22*E22 -> 25129.71
B23: 01.03.02.02 | C23: EXCAVACIÓN EN MATERIAL SUELTO CON EQUIPO | D23: m3 | E23: 2247.34 | F23: =' APU PARTIDAS'!K131 -> 7.1919933 | G23: =F23*E23 -> 16162.854
B24: 01.03.02.03 | C24: PERFILADO Y COMPACTACIÓN EN ZONA DE CORTE | D24: m2 | E24: 3178.85 | F24: =' APU PARTIDAS'!K143 -> 26.189806 | G24: =F24*E24 -> 83253.464
B25: 01.03.02.04 | C25: GEOTEXTIL NO TEJIDO 400 gr/m2, INC. COLOCACIÓN | D25: m2 | E25: 4762.34 | F25: =' APU PARTIDAS'!K158 -> 16.345804 | G25: =F25*E25 -> 77844.276
B26: 01.03.02.05 | C26: CAMA DE APOYO (e=0.25 m) | D26: m3 | E26: 884.8 | F26: =' APU PARTIDAS'!K174 -> 52.674126 | G26: =F26*E26 -> 46606.067
B27: 01.03.02.06 | C27: COLOCACIÓN Y ACOMODO DE ROCA EN UÑA DEL DIQUE | D27: m3 | E27: 1331.96 | F27: =' APU PARTIDAS'!K191 -> 56.725 | G27: =F27*E27 -> 75555.431
B28: 01.03.02.07 | C28: COLOCACIÓN Y ACOMODO DE ROCA EN TALUD DEL DIQUE | D28: m3 | E28: 1339.18 | F28: =' APU PARTIDAS'!K199 -> 59.97 | G28: =F28*E28 -> 80310.625
B29: 37624 | C29: PROTECCIÓN DEL CAUCE CON ENROCADO | G29: =SUM(G30:G32) -> 44269.478
B30: 1.03.03.01 | C30: EXCAVACIÓN EN MATERIAL SUELTO CON EQUIPO | D30: m3 | E30: 600 | F30: =' APU PARTIDAS'!K209 -> 7.9911036 | G30: =F30*E30 -> 4794.6622
B31: 1.03.03.02 | C31: PERFILADO Y COMPACTACIÓN CON EQUIPO DE FONDO DE EXCAVACIÓN | D31: m2 | E31: 600 | F31: =' APU PARTIDAS'!K221 -> 30.51636 | G31: =F31*E31 -> 18309.816
B32: 1.03.03.03 | C32: COLOCACIÓN DE ROCA EN CAUCE | D32: m3 | E32: 600 | F32: =' APU PARTIDAS'!K235 -> 35.275 | G32: =F32*E32 -> 21165
B33: 1.04 | C33: REPOSICIÓN DE CAMINO DE ACCESO | G33: =SUM(G34:G38) -> 63995.017
B34: 36895 | C34: DESBROCE Y LIMPIEZA EN ZONA NO BOSCOSA | D34: m2 | E34: 991.27 | F34: =' APU PARTIDAS'!K244 -> 16.605681 | G34: =F34*E34 -> 16460.714
B35: 37260 | C35: EXCAVACIÓN EN MATERIAL SUELTO CON EQUIPO | D35: m3 | E35: 322.42 | F35: =' APU PARTIDAS'!K258 -> 7.1919933 | G35: =F35*E35 -> 2318.8425
B36: 37625 | C36: PERFILADO Y COMPACTACIÓN EN ZONA DE CORTE | D36: m2 | E36: 864.97 | F36: =' APU PARTIDAS'!K270 -> 26.189806 | G36: =F36*E36 -> 22653.396
B37: 37990 | C37: CONFORMACIÓN DE TERRAPLEN EN CAMINO | D37: m3 | E37: 164.24 | F37: =' APU PARTIDAS'!K284 -> 21.325597 | G37: =F37*E37 -> 3502.516
B38: 38356 | C38: MATERIAL AFIRMADO e=0.30 m | D38: m3 | E38: 278.38 | F38: =' APU PARTIDAS'!K299 -> 68.465942 | G38: =F38*E38 -> 19059.549
B39: 1.05 | C39: TRANSPORTE DE MATERIAL | G39: =SUM(G40:G45) -> 600620.61
B40: 36896 | C40: TRANSPORTE DE MATERIAL GRANULAR PARA DISTANCIAS < 1KM | D40: m3-km | E40: 3832.26 | F40: =' APU PARTIDAS'!K318 -> 8.7059984 | G40: =F40*E40 -> 33363.649
B41: 37261 | C41: TRANSPORTE DE MATERIAL GRANULAR PARA DISTANCIAS > 1KM | D41: m3-km | E41: 41153.22 | F41: =' APU PARTIDAS'!K332 -> 2.4722 | G41: =F41*E41 -> 101738.99
B42: 37626 | C42: TRANSPORTE DE ROCA PARA DISTANCIAS < 1KM | D42: m3-km | E42: 2878.61 | F42: =' APU PARTIDAS'!K339 -> 20.894396 | G42: =F42*E42 -> 60146.818
B43: 37991 | C43: TRANSPORTE DE ROCA PARA DISTANCIAS > 1KM | D43: m3-km | E43: 53450.47 | F43: =' APU PARTIDAS'!K353 -> 4.9444 | G43: =F43*E43 -> 264280.5
B44: 38357 | C44: TRANSPORTE DE MATERIAL EXCEDENTE PARA DISTANCIAS < 1KM | D44: m3-km | E44: 6661.7 | F44: =' APU PARTIDAS'!K360 -> 8.7059984 | G44: =F44*E44 -> 57996.75
B45: 38722 | C45: TRANSPORTE DE MATERIAL EXCEDENTE PARA DISTANCIAS > 1KM | D45: m3-km | E45: 28009.43 | F45: =' APU PARTIDAS'!K374 -> 2.96664 | G45: =F45*E45 -> 83093.895
B46: 1.06 | C46: MONITOREO Y CONTROL AMBIENTAL | G46: =G47+G50 -> 369163.98
B47: 36897 | C47: PROGRAMA DE CIERRE DE OBRA | G47: =SUM(G48:G49) -> 99163.982
B48: 1.06.01.01 | C48: ACONDICIONAMIENTO DE DEPÓSITOS DE MATERIALES EXCEDENTES (DME) | D48: m3 | E48: 7570.12 | F48: =' APU PARTIDAS'!K383 -> 10.962892 | G48: =F48*E48 -> 82990.411
B49: 1.06.01.02 | C49: RESTAURACIÓN DE ÁREAS DE INSTALACIONES PROVISIONALES | D49: m2 | E49: 1000 | F49: =' APU PARTIDAS'!K397 -> 16.173571 | G49: =F49*E49 -> 16173.571
B50: 1.07 | C50: OTROS | G50: =SUM(G51:G52) -> 270000
B51: 36898 | C51: SEGURIDAD Y SALUD OCUPACIONAL | D51: glb | E51: 1 | F51: =' APU PARTIDAS'!K411 -> 120000 | G51: =F51*E51 -> 120000
B52: 37263 | C52: IMPLEMENTACIÓN DEL PLAN PARA LA VIGILANCIA, PREVENCIÓN Y CONTROL DE COVID-19 EN EL TRABAJO | D52: glb | E52: 1 | F52: =' APU PARTIDAS'!K416 -> 150000 | G52: =F52*E52 -> 150000
C54: COSTO DIRECTO | G54: =G46+G14+G11+G7 -> 2098036.7
C55: Utilidad | D55: ='[216]GASTOS GENERALES'!$G$25 -> 0.1 | G55: =[216]PRESUPUESTO!$G$56 -> 209803.67
C56: Gastos Generales | D56: ='[216]GASTOS GENERALES'!$G$23 -> 0.20134157 | G56: ='[216]GASTOS GENERALES'!$F$23 -> 422422
C57: SUBTOTAL | G57: =SUM(G54:G56) -> 2730262.4
C58: IGV | D58: 0.18 | G58: =G57*D58 -> 491447.22
C59: TOTAL | G59: =SUM(G57:G58) -> 3221709.6

Sheet  APU PARTIDAS
A1: Analisis de Precios Unitarios
A3: Presupuesto: | C3: =PRESUPUESTO!B3 -> SERVICIO DE CONSTRUCCIÓN DE DIQUES Y PROTECCIÓN DE TALUDES DE DIQUES CON ENROCADO DEL SECTOR 2 SUBPROYECTO A4 PAMPA DEL TORO
A5: Subpresupuesto: | C5: Movimiento de tierras- Partidas | J5: Fecha Pres. | K5: =PRESUPUESTO!G5 -> 44707
B6: =PRESUPUESTO!B7 -> 1.01 | C6: OBRAS PROVISIONALES
A7: Partida | B7: 1.01.01 | C7: =PRESUPUESTO!C8 -> CARTEL DE IDENTIFICACIÓN DE OBRA 4.8 m x 3.60 m
A8: Rendimiento | B8: m2 | C8: MO. | D8: 1 | E8: EQ. | F8: 1 | G8: Costo unitario directo por : nes | K8: =K11 -> 2800
A9: Código | B9: Descripción Recurso | G9: Unidad | H9: Cuadrilla | I9: Cantidad | J9: Precio S/. | K9: Parcial S/. | Q9: =P10 -> 2800
A10: 0101010003 | B10: =INSUMOS!B22 -> CARTEL DE OBRA | G10: und | I10: 1 | J10: =INSUMOS!H22 -> 2800 | K10: =J10*I10 -> 2800 | M10: =I10*PRESUPUESTO!E8 -> 1 | N10: =M10*J10 -> 2800 | P10: =N10 -> 2800
K11: =SUM(K10:K10) -> 2800
A12: Partida | B12: 1.01.02 | C12: =PRESUPUESTO!C9 -> INSTALACIONES PROVISIONALES PARA LA OBRA
A13: Rendimiento | B13: m3/DIA | C13: MO. | D13: 450 | E13: EQ. | F13: 450 | G13: Costo unitario directo por : m3 | K13: =K20 -> 50000 | Q13: =P18 -> 50000
A15: Código | B15: Descripción Recurso | G15: Unidad | H15: Cuadrilla | I15: Cantidad | J15: Precio S/. | K15: Parcial S/.
B16: Mano de Obra
B17: Subpartidas
B18: =INSUMOS!B28 -> IMPLEMENTACION DE COMEDOR | G18: m3 | I18: 1 | J18: =INSUMOS!H28 -> 10000 | K18: =J18*I18 -> 10000 | M18: =I18*PRESUPUESTO!E9 -> 1 | N18: =M18*J18 -> 10000 | P18: =SUM(N18:N19) -> 50000
B19: =INSUMOS!B27 -> IMPLEMENTACION DE CONTENEDORES | G19: m3 | I19: 3 | J19: =INSUMOS!H27 -> 13333.333 | K19: =J19*I19 -> 40000 | M19: =I19*PRESUPUESTO!E9 -> 3 | N19: =M19*J19 -> 40000
K20: =SUM(K18:K19) -> 50000
A21: Partida | B21: 1.01.03 | C21: =PRESUPUESTO!C10 -> MANTENIMIENTO DE TRANSITO Y SEGURIDAD VIAL
A22: Rendimiento | B22: m2 | C22: MO. | D22: 1 | E22: EQ. | F22: 1 | G22: Costo unitario directo por : nes | K22: =K25 -> 56000 | Q22: =P24 -> 56000
A23: Código | B23: Descripción Recurso | G23: Unidad | H23: Cuadrilla | I23: Cantidad | J23: Precio S/. | K23: Parcial S/.
A24: 0101010003 | B24: =INSUMOS!B24 -> MANTENIMIENTO DE TRANSITO Y SEGURIDAD VIAL | G24: gbl | I24: 1 | J24: =INSUMOS!H24 -> 56000 | K24: =J24*I24 -> 56000 | M24: =I24*PRESUPUESTO!E10 -> 1 | N24: =M24*J24 -> 56000 | P24: =N24 -> 56000
K25: =SUM(K24:K24) -> 56000
B26: 1.02 | C26: =PRESUPUESTO!C11 -> TRABAJOS PRELIMINARES
A27: Partida | B27: 1.02.01 | C27: =PRESUPUESTO!C12 -> MOVILIZACION Y DESMOVILIZACION DE EQUIPOS
A28: Rendimiento | B28: gbl | C28: MO. | D28: 1 | E28: EQ. | F28: 1 | G28: Costo unitario directo por : gbl | K28: =K32 -> 150000 | Q28: =SUM(_xlfn.ANCHORARRAY(P30)) -> 150000
A29: Código | B29: Descripción Recurso | G29: Unidad | H29: Veces | I29: Cantidad | J29: Precio S/. | K29: Parcial S/.
B30: =INSUMOS!B25 -> MOV Y DESMOV DE EQUIPO PESADO | G30: Unidad | I30: ='Dimensionamiento equipos'!K10 -> 5 | J30: =INSUMOS!H25 -> 18000 | K30: =J30*I30 -> 90000 | M30: =I30*PRESUPUESTO!E12 -> 5 | N30: =M30*J30 -> 90000 | P30: {=N30:N31} -> 90000
B31: =INSUMOS!B26 -> MOV Y DESMOV DE EQUIPO AUTOPROPUSADO | G31: Unidad | I31: ='Dimensionamiento equipos'!K6 -> 10 | J31: =INSUMOS!H26 -> 6000 | K31: =J31*I31 -> 60000 | M31: =I31*PRESUPUESTO!E12 -> 10 | N31: =M31*J31 -> 60000 | P31: 60000
K32: =SUM(K30:K31) -> 150000
A33: Partida | B33: 1.02.02 | C33: =PRESUPUESTO!C13 -> TRAZO Y REPLANTEO DE OBRA
A34: Rendimiento | B34: m2 | C34: MO. | D34: 600 | E34: EQ. | F34: 600 | G34: Costo unitario directo por : nes | K34: =K37 -> 3.54 | Q34: =P36 -> 24144.782
A35: Código | B35: Descripción Recurso | G35: Unidad | H35: Cuadrilla | I35: Cantidad | J35: Precio S/. | K35: Parcial S/.
A36: 0101010003 | B36: =INSUMOS!B23 -> TRAZO NIVELES Y REPLANTEO | G36: mes | I36: 1 | J36: =INSUMOS!H23 -> 3.54 | K36: =J36*I36 -> 3.54 | M36: =I36*PRESUPUESTO!E13 -> 6820.56 | N36: =M36*J36 -> 24144.782 | P36: =N36 -> 24144.782
K37: =SUM(K36:K36) -> 3.54
B38: 1.03 | C38: =PRESUPUESTO!C14 -> DIQUES Y PROTECCIÓN DE CAUCE CON ENROCADO
B39: 1.03.01 | C39: =PRESUPUESTO!C15 -> DIQUE DE TIERRA COMPACTADA
B40: 1.03.01.01 | C40: =PRESUPUESTO!C16 -> DESBROCE Y LIMPIEZA EN ZONA NO BOSCOSA
A41: Rendimiento | B41: m3/DIA | C41: MO. | D41: 450 | E41: EQ. | F41: 450 | G41: Costo unitario directo por : m3 | K41: =K47+K52 -> 16.605681 | Q41: =P44+O51 -> 60861.151
A42: Código | B42: Descripción Recurso | G42: Unidad | H42: Cuadrilla | I42: Cantidad | J42: Precio S/. | K42: Parcial S/.
B43: Mano de Obra
A44: 0101010003 | B44: =INSUMOS!B38 -> OPERARIO | G44: hh | H44: 0.1 | I44: =H44*8/D41 -> 0.0017777778 | J44: =INSUMOS!H38 -> 24.36 | K44: =J44*I44 -> 0.043306667 | M44: =I44*PRESUPUESTO!E16 -> 6.5156978 | N44: =M44*J44 -> 158.7224 | P44: =SUM(N44:N50) -> 60750.151
A45: 0101010004 | B45: =INSUMOS!B39 -> OFICIAL | G45: hh | H45: 1 | I45: =H45*8/D41 -> 0.017777778 | J45: =INSUMOS!H39 -> 19.33 | K45: =J45*I45 -> 0.34364444 | M45: =I45*PRESUPUESTO!E16 -> 65.156978 | N45: =M45*J45 -> 1259.4844
A46: 0101010005 | B46: =INSUMOS!B40 -> PEON | G46: hh | H46: 2 | I46: =H46*8/D41 -> 0.035555556 | J46: =INSUMOS!H40 -> 17.51 | K46: =J46*I46 -> 0.62257778 | M46: =I46*PRESUPUESTO!E16 -> 130.31396 | N46: =M46*J46 -> 2281.7974
K47: =SUM(K44:K46) -> 1.0095289
B48: Equipos
A49: 010104010006 | B49: =INSUMOS!B14 -> EXCAVADORA SOBRE ORUGAS 180-348 HP | G49: hm | H49: 1 | I49: =H49*8/F41 -> 0.017777778 | J49: =INSUMOS!H14 -> 391.01 | K49: =J49*I49 -> 6.9512889 | M49: =I49*PRESUPUESTO!E16 -> 65.156978 | N49: =M49*J49 -> 25477.03
B50: =INSUMOS!B16 -> TRACTOR SOBREORUGAS 190-240HP | G50: hm | H50: 1 | I50: =H50*8/F41 -> 0.017777778 | J50: =INSUMOS!H16 -> 484.57 | K50: =J50*I50 -> 8.6145778 | M50: =I50*PRESUPUESTO!E16 -> 65.156978 | N50: =M50*J50 -> 31573.117
A51: 0301010006 | B51: =INSUMOS!B18 -> HERRAMIENTAS MANUALES | G51: %mo | I51: 3 | J51: =K47 -> 1.0095289 | K51: =J51*0.03 -> 0.030285867 | O51: =K51*PRESUPUESTO!E16 -> 111.00012
K52: =SUM(K49:K51) -> 15.596153
A53: Partida | B53: 1.03.01.02 | C53: =PRESUPUESTO!C17 -> EXCAVACIÓN EN MATERIAL SUELTO CON EQUIPO
A54: Rendimiento | B54: m3/DIA | C54: MO. | D54: 500 | E54: EQ. | F54: 500 | G54: Costo unitario directo por : m3 | K54: =K60+K64 -> 7.1919933 | Q54: =P57+O63 -> 17198.07
A55: Código | B55: Descripción Recurso | G55: Unidad | H55: Cuadrilla | I55: Cantidad | J55: Precio S/. | K55: Parcial S/.
B56: Mano de Obra
A57: 0101010003 | B57: =INSUMOS!B38 -> OPERARIO | G57: hh | H57: 0.1 | I57: =H57*8/D54 -> 0.0016 | J57: =INSUMOS!H38 -> 24.36 | K57: =J57*I57 -> 0.038976 | M57: =I57*PRESUPUESTO!E17 -> 3.826048 | N57: =M57*J57 -> 93.202529 | P57: =SUM(N57:N63) -> 17132.89
A58: 0101010004 | B58: =INSUMOS!B39 -> OFICIAL | G58: hh | H58: 1 | I58: =H58*8/D54 -> 0.016 | J58: =INSUMOS!H39 -> 19.33 | K58: =J58*I58 -> 0.30928 | M58: =I58*PRESUPUESTO!E17 -> 38.26048 | N58: =M58*J58 -> 739.57508
A59: 0101010005 | B59: =INSUMOS!B40 -> PEON | G59: hh | H59: 2 | I59: =H59*8/D54 -> 0.032 | J59: =INSUMOS!H40 -> 17.51 | K59: =J59*I59 -> 0.56032 | M59: =I59*PRESUPUESTO!E17 -> 76.52096 | N59: =M59*J59 -> 1339.882
K60: =SUM(K57:K59) -> 0.908576
B61: Equipos
A62: 010104010006 | B62: =INSUMOS!B14 -> EXCAVADORA SOBRE ORUGAS 180-348 HP | G62: hm | H62: 1 | I62: =H62*8/F54 -> 0.016 | J62: =INSUMOS!H14 -> 391.01 | K62: =J62*I62 -> 6.25616 | M62: =I62*PRESUPUESTO!E17 -> 38.26048 | N62: =M62*J62 -> 14960.23
A63: 0301010006 | B63: =INSUMOS!B18 -> HERRAMIENTAS MANUALES | G63: %mo | I63: 3 | J63: =K60 -> 0.908576 | K63: =J63*0.03 -> 0.02725728 | O63: =K63*PRESUPUESTO!E17 -> 65.179789
K64: =SUM(K62:K63) -> 6.2834173
A65: Partida | B65: 1.03.01.03 | C65: =PRESUPUESTO!C18 -> PERFILADO Y COMPACTACIÓN EN ZONA DE CORTE
A66: Rendimiento | B66: m3/DIA | C66: MO. | D66: 78.08 | E66: EQ. | F66: 78.08 | G66: Costo unitario directo por : m3 | K66: =K72+K78 -> 23.47959 | Q66: =P70+O77 -> 70524.471
B67: NO INCLUYE TRANSPORTE NI AGREGADO
A68: Código | B68: Descripción Recurso | G68: Unidad | H68: Cuadrilla | I68: Cantidad | J68: Precio S/. | K68: Parcial S/.
B69: Mano de Obra
A70: 0101010004 | B70: =INSUMOS!B39 -> OFICIAL | G70: hh | H70: 0.5 | I70: =H70*8/D66 -> 0.051229508 | J70: =INSUMOS!H39 -> 19.33 | K70: =J70*I70 -> 0.99026639 | M70: =I70*PRESUPUESTO!E18 -> 153.87551 | N70: =M70*J70 -> 2974.4137 | P70: =SUM(N70:N76) -> 70111.915
A71: 0101010005 | B71: =INSUMOS!B40 -> PEON | G71: hh | H71: 2 | I71: =H71*8/D66 -> 0.20491803 | J71: =INSUMOS!H40 -> 17.51 | K71: =J71*I71 -> 3.5881148 | M71: =I71*PRESUPUESTO!E18 -> 615.50205 | N71: =M71*J71 -> 10777.441
K72: =SUM(K70:K71) -> 4.5783811
B73: Equipos
B74: =INSUMOS!B15 -> MOTONIVELADORA 145 -150HP | G74: hm | H74: 0.25 | I74: =H74*8/F66 -> 0.025614754 | J74: =INSUMOS!H15 -> 325.23 | K74: =J74*I74 -> 8.3306865 | M74: =I74*PRESUPUESTO!E18 -> 76.937756 | N74: =M74*J74 -> 25022.466
B75: =INSUMOS!B12 -> CAMION CISTERNA 5000 GLS | G75: hm | H75: 0.25 | I75: =H75*8/F66 -> 0.025614754 | J75: =INSUMOS!H12 -> 204.861 | K75: =J75*I75 -> 5.2474641 | M75: =I75*PRESUPUESTO!E18 -> 76.937756 | N75: =M75*J75 -> 15761.546
B76: =INSUMOS!B17 -> RODILLO LISO VIBR. AUTOPROPULSADO 101-135HP 10-12TN | G76: hm | H76: 0.25 | I76: =H76*8/F66 -> 0.025614754 | J76: =INSUMOS!H17 -> 202.45 | K76: =J76*I76 -> 5.185707 | M76: =I76*PRESUPUESTO!E18 -> 76.937756 | N76: =M76*J76 -> 15576.049
A77: 0301010006 | B77: =INSUMOS!B18 -> HERRAMIENTAS MANUALES | G77: %mo | I77: 3 | J77: =K72 -> 4.5783811 | K77: =J77*0.03 -> 0.13735143 | O77: =K77*PRESUPUESTO!E18 -> 412.55564
K78: =SUM(K74:K77) -> 18.901209
A79: Partida | B79: 1.03.01.04 | C79: =PRESUPUESTO!C19 -> CONFORMACIÓN DE CUERPO DEL DIQUE
A80: Rendimiento | B80: m3/DIA | C80: MO. | D80: 80 | E80: EQ. | F80: 80 | G80: Costo unitario directo por : m3 | K80: =K88+K95 -> 40.384785 | Q80: =P84+O94 -> 147822.45
B81: NO INCLUYE TRANSPORTE NI AGREGADO
A82: Código | B82: Descripción Recurso | G82: Unidad | H82: Cuadrilla | I82: Cantidad | J82: Precio S/. | K82: Parcial S/.
B83: Mano de Obra
A84: 0101010003 | B84: =INSUMOS!B37 -> CAPATAZ | G84: hh | H84: 0.5 | I84: =H84*8/D80 -> 0.05 | J84: =INSUMOS!H37 -> 25.26 | K84: =J84*I84 -> 1.263 | M84: =I84*PRESUPUESTO!E19 -> 183.0175 | N84: =M84*J84 -> 4623.0221 | P84: =SUM(N84:N93) -> 146760.91
A85: 0101010004 | B85: =INSUMOS!B38 -> OPERARIO | G85: hh | H85: 0.5 | I85: =H85*8/D80 -> 0.05 | J85: =INSUMOS!H38 -> 24.36 | K85: =J85*I85 -> 1.218 | M85: =I85*PRESUPUESTO!E19 -> 183.0175 | N85: =M85*J85 -> 4458.3063
A86: 0101010005 | B86: =INSUMOS!B39 -> OFICIAL | G86: hh | H86: 1 | I86: =H86*8/D80 -> 0.1 | J86: =INSUMOS!H39 -> 19.33 | K86: =J86*I86 -> 1.933 | M86: =I86*PRESUPUESTO!E19 -> 366.035 | N86: =M86*J86 -> 7075.4565
B87: =INSUMOS!B40 -> PEON | G87: hh | H87: 3 | I87: =H87*8/D80 -> 0.3 | J87: =INSUMOS!H40 -> 17.51 | K87: =J87*I87 -> 5.253 | M87: =I87*PRESUPUESTO!E19 -> 1098.105 | N87: =M87*J87 -> 19227.819
K88: =SUM(K84:K87) -> 9.667
B89: Equipos
B90: =INSUMOS!B16 -> TRACTOR SOBREORUGAS 190-240HP | G90: hm | H90: 0.25 | I90: =H90*8/F80 -> 0.025 | J90: =INSUMOS!H16 -> 484.57 | K90: =J90*I90 -> 12.11425 | M90: =I90*PRESUPUESTO!E19 -> 91.50875 | N90: =M90*J90 -> 44342.395
B91: =INSUMOS!B15 -> MOTONIVELADORA 145 -150HP | G91: hm | H91: 0.25 | I91: =H91*8/F80 -> 0.025 | J91: =INSUMOS!H15 -> 325.23 | K91: =J91*I91 -> 8.13075 | M91: =I91*PRESUPUESTO!E19 -> 91.50875 | N91: =M91*J91 -> 29761.391
B92: =INSUMOS!B17 -> RODILLO LISO VIBR. AUTOPROPULSADO 101-135HP 10-12TN | G92: hm | H92: 0.25 | I92: =H92*8/F80 -> 0.025 | J92: =INSUMOS!H17 -> 202.45 | K92: =J92*I92 -> 5.06125 | M92: =I92*PRESUPUESTO!E19 -> 91.50875 | N92: =M92*J92 -> 18525.946
A93: 0301010006 | B93: =INSUMOS!B12 -> CAMION CISTERNA 5000 GLS | G93: hm | H93: 0.25 | I93: =H93*8/F80 -> 0.025 | J93: =INSUMOS!H12 -> 204.861 | K93: =J93*I93 -> 5.121525 | M93: =I93*PRESUPUESTO!E19 -> 91.50875 | N93: =M93*J93 -> 18746.574
B94: =INSUMOS!B18 -> HERRAMIENTAS MANUALES | G94: %mo | I94: 3 | J94: =K88 -> 9.667 | K94: =J94*0.03 -> 0.29001 | O94: =K94*PRESUPUESTO!E19 -> 1061.5381
K95: =SUM(K90:K94) -> 30.717785
A96: Partida | B96: 1.03.01.05 | C96: =PRESUPUESTO!C20 -> CONFORMACIÓN DE MATERIAL GRANULAR EN CORONA DEL DIQUE
A97: Rendimiento | B97: m3/DIA | C97: MO. | D97: 100 | E97: EQ. | F97: 100 | G97: Costo unitario directo por : m3 | K97: =K105+K114+K108 -> 85.973074 | Q97: =P101+O113 -> 35774.256
B98: NO INCLUYE TRANSPORTE
A99: Código | B99: Descripción Recurso | G99: Unidad | H99: Cuadrilla | I99: Cantidad | J99: Precio S/. | K99: Parcial S/.
B100: Mano de Obra
A101: 0101010003 | B101: =INSUMOS!B37 -> CAPATAZ | G101: hh | H101: 0.1 | I101: =H101*8/D97 -> 0.008 | J101: =INSUMOS!H37 -> 25.26 | K101: =J101*I101 -> 0.20208 | M101: =I101*PRESUPUESTO!E20 -> 3.32888 | N101: =M101*J101 -> 84.087509 | P101: =SUM(N101:N112) -> 35637.034
A102: 0101010004 | B102: =INSUMOS!B38 -> OPERARIO | G102: hh | H102: 1 | I102: =H102*8/D97 -> 0.08 | J102: =INSUMOS!H38 -> 24.36 | K102: =J102*I102 -> 1.9488 | M102: =I102*PRESUPUESTO!E20 -> 33.2888 | N102: =M102*J102 -> 810.91517
A103: 0101010005 | B103: =INSUMOS!B39 -> OFICIAL | G103: hh | H103: 3 | I103: =H103*8/D97 -> 0.24 | J103: =INSUMOS!H39 -> 19.33 | K103: =J103*I103 -> 4.6392 | M103: =I103*PRESUPUESTO!E20 -> 99.8664 | N103: =M103*J103 -> 1930.4175
...

Sheet INSUMOS
A2: INSUMOS DEL PROYECTO- PARTIDAS
B4: Presupuesto: | C4: =PRESUPUESTO!B3 -> SERVICIO DE CONSTRUCCIÓN DE DIQUES Y PROTECCIÓN DE TALUDES DE DIQUES CON ENROCADO DEL SECTOR 2 SUBPROYECTO A4 PAMPA DEL TORO
B5: Subpresupuesto: | C5: =' APU PARTIDAS'!C5 -> Movimiento de tierras- Partidas
B6: Fecha Pres. | C6: =PRESUPUESTO!G5 -> 44707
B7: Tipo de Cambio: | C7: 3.8
B8: Precio Galon sin IGV | C8: 13.89
F9: COMBUSTILE
B10: DESCRIPCION | C10: UND | D10: MAQUINA (S/.) | E10: OPERADOR (S/.) | F10: Cons/Hra (S/.) | G10: Costo/Hra (S/.) | H10: P.U. (S/.) | J10: Cant. Total (hrs) | K10: Costo Total (S/.) | L10: CLASIFICACIÓN. | N10: EQUIPO | O10: COMBUSTIBLE | P10: OPERADOR
A11: EQUIPO PESADO | B11: CAMION VOLQUETE 6X4 | C11: hm | D11: =26*C7 -> 98.8 | E11: =10*C7 -> 38 | F11: 3.5 | G11: =F11*C8 -> 48.615 | H11: =D11+E11+G11 -> 185.415 | J11: =SUMIF(' APU PARTIDAS'!B3:B504,B11,' APU PARTIDAS'!M3:M504) -> 2701.9352 | K11: =J11*H11 -> 500979.32 | L11: MAQ | N11: =J11*D11 -> 266951.2 | O11: =J11*G11 -> 131354.58 | P11: =J11*E11 -> 102673.54
B12: CAMION CISTERNA 5000 GLS | C12: hm | D12: =26*C7 -> 98.8 | E12: =10*C7 -> 38 | F12: 4.9 | G12: =F12*C8 -> 68.061 | H12: =D12+E12+G12 -> 204.861 | J12: =SUMIF(' APU PARTIDAS'!B3:B504,B12,' APU PARTIDAS'!M3:M504) -> 317.58575 | K12: =J12*H12 -> 65060.935 | L12: MAQ | N12: =J12*D12 -> 31377.472 | O12: =J12*G12 -> 21615.204 | P12: =J12*E12 -> 12068.259
B13: RETROEXCAVADORA C/BRAZO EXTENSIBLE | C13: hm | D13: =26*C7 -> 98.8 | E13: =10*C7 -> 38 | F13: 3 | G13: =F13*C8 -> 41.67 | H13: =D13+E13+G13 -> 178.47 | J13: =SUMIF(' APU PARTIDAS'!B3:B504,B13,' APU PARTIDAS'!M3:M504) -> 135.2468 | K13: =J13*H13 -> 24137.496 | L13: MAQ | N13: =J13*D13 -> 13362.384 | O13: =J13*G13 -> 5635.7342 | P13: =J13*E13 -> 5139.3784
B14: EXCAVADORA SOBRE ORUGAS 180-348 HP | C14: hm | D14: =60*C7 -> 228 | E14: =10*C7 -> 38 | F14: 9 | G14: =F14*C8 -> 125.01 | H14: =D14+E14+G14 -> 391.01 | J14: =SUMIF(' APU PARTIDAS'!B3:B504,B14,' APU PARTIDAS'!M3:M504) -> 528.16075 | K14: =J14*H14 -> 206516.14 | L14: MAQ | N14: =J14*D14 -> 120420.65 | O14: =J14*G14 -> 66025.376 | P14: =J14*E14 -> 20070.109
B15: MOTONIVELADORA 145 -150HP | C15: hm | D15: =50*C7 -> 190 | E15: =10*C7 -> 38 | F15: 7 | G15: =F15*C8 -> 97.23 | H15: =D15+E15+G15 -> 325.23 | J15: =SUMIF(' APU PARTIDAS'!B3:B504,B15,' APU PARTIDAS'!M3:M504) -> 325.96549 | K15: =J15*H15 -> 106013.76 | L15: MAQ | N15: =J15*D15 -> 61933.443 | O15: =J15*G15 -> 31693.624 | P15: =J15*E15 -> 12386.689
B16: TRACTOR SOBREORUGAS 190-240HP | C16: hm | D16: =70*C7 -> 266 | E16: =10*C7 -> 38 | F16: 13 | G16: =F16*C8 -> 180.57 | H16: =D16+E16+G16 -> 484.57 | J16: =SUMIF(' APU PARTIDAS'!B3:B504,B16,' APU PARTIDAS'!M3:M504) -> 287.70743 | K16: =J16*H16 -> 139414.39 | L16: MAQ | N16: =J16*D16 -> 76530.176 | O16: =J16*G16 -> 51951.331 | P16: =J16*E16 -> 10932.882
B17: RODILLO LISO VIBR. AUTOPROPULSADO 101-135HP 10-12TN | C17: hm | D17: =25*C7 -> 95 | E17: =10*C7 -> 38 | F17: 5 | G17: =F17*C8 -> 69.45 | H17: =D17+E17+G17 -> 202.45 | J17: =SUMIF(' APU PARTIDAS'!B3:B504,B17,' APU PARTIDAS'!M3:M504) -> 325.96549 | K17: =J17*H17 -> 65991.713 | L17: MAQ | N17: =J17*D17 -> 30966.721 | O17: =J17*G17 -> 22638.303 | P17: =J17*E17 -> 12386.689
A18: AGREGADOS | B18: HERRAMIENTAS MANUALES | C18: hm | H18: 1 | J18: =' APU PARTIDAS'!O420 -> 3857.4147 | K18: =J18*H18 -> 3857.4147 | L18: HER | N18: =SUM(N11:N17) -> 601542.05 | O18: =SUM(O11:O17) -> 330914.15 | P18: =SUM(P11:P17) -> 175657.54
B19: AFIRMADO | C19: m3 | H19: 31.157 | J19: =SUMIF(' APU PARTIDAS'!B3:B504,B19,' APU PARTIDAS'!M3:M504) -> 347.975 | K19: =J19*H19 -> 10841.857 | L19: AGR
B20: MATERIAL PROPIO SELECCIONADO PARA CAMA DE APOYO | C20: m3 | H20: 45 | J20: =SUMIF(' APU PARTIDAS'!B3:B504,B20,' APU PARTIDAS'!M3:M504) -> 884.8 | K20: =J20*H20 -> 39816 | L20: AGR
B21: MATERIAL GRANULAR PARA CORONA DE DIQUE | C21: m3 | H21: 48 | J21: =SUMIF(' APU PARTIDAS'!B3:B504,B21,' APU PARTIDAS'!M3:M504) -> 520.1375 | K21: =J21*H21 -> 24966.6 | L21: AGR
A22: INSTALACION | B22: CARTEL DE OBRA | C22: und | H22: 2800 | J22: =SUMIF(' APU PARTIDAS'!B3:B504,B22,' APU PARTIDAS'!M3:M504) -> 1 | K22: =J22*H22 -> 2800 | L22: INST
B23: TRAZO NIVELES Y REPLANTEO | C23: m2 | H23: 3.54 | J23: =SUMIF(' APU PARTIDAS'!B3:B504,B23,' APU PARTIDAS'!M3:M504) -> 6820.56 | K23: =J23*H23 -> 24144.782 | L23: TOP
B24: MANTENIMIENTO DE TRANSITO Y SEGURIDAD VIAL | C24: gbl | H24: 56000 | J24: =SUMIF(' APU PARTIDAS'!B3:B504,B24,' APU PARTIDAS'!M3:M504) -> 1 | K24: =J24*H24 -> 56000 | L24: SEGV
B25: MOV Y DESMOV DE EQUIPO PESADO | C25: und | H25: 18000 | J25: =SUMIF(' APU PARTIDAS'!B3:B504,B25,' APU PARTIDAS'!M3:M504) -> 5 | K25: =J25*H25 -> 90000 | L25: MOV
B26: MOV Y DESMOV DE EQUIPO AUTOPROPUSADO | C26: und | H26: 6000 | J26: =SUMIF(' APU PARTIDAS'!B3:B504,B26,' APU PARTIDAS'!M3:M504) -> 10 | K26: =J26*H26 -> 60000 | L26: MOV
B27: IMPLEMENTACION DE CONTENEDORES | C27: und | H27: 13333.333 | J27: =SUMIF(' APU PARTIDAS'!B3:B504,B27,' APU PARTIDAS'!M3:M504) -> 3 | K27: =J27*H27 -> 40000 | L27: INST
B28: IMPLEMENTACION DE COMEDOR | C28: und | H28: 10000 | J28: =SUMIF(' APU PARTIDAS'!B3:B504,B28,' APU PARTIDAS'!M3:M504) -> 1 | K28: =J28*H28 -> 10000 | L28: INST
A29: GESTION | B29: =PRESUPUESTO!C51 -> SEGURIDAD Y SALUD OCUPACIONAL | C29: gbl | H29: 120000 | J29: =SUMIF(' APU PARTIDAS'!B3:B504,B29,' APU PARTIDAS'!M3:M504) -> 1 | K29: =J29*H29 -> 120000 | L29: SSO
B30: PLAN DE VIGILANCIA PREVENCION COVID 19 | C30: gbl | H30: 150000 | J30: =SUMIF(' APU PARTIDAS'!B3:B504,B30,' APU PARTIDAS'!M3:M504) -> 1 | K30: =J30*H30 -> 150000 | L30: COVID
A31: ACTIVIDADES | B31: ACOMODO DE ROCA EN UÑA | C31: m3 | H31: 33.715 | J31: =SUMIF(' APU PARTIDAS'!B3:B504,B31,' APU PARTIDAS'!M3:M504) -> 1331.96 | K31: =J31*H31 -> 44907.031 | L31: ACTV
B32: ACOMODO DE ROCA EN CAUCE | C32: m3 | H32: 12.265 | J32: =SUMIF(' APU PARTIDAS'!B3:B504,B32,' APU PARTIDAS'!M3:M504) -> 600 | K32: =J32*H32 -> 7359 | L32: ACTV
B33: ACOMODO DE ROCA EN TALUD | C33: m3 | H33: 30.96 | J33: =SUMIF(' APU PARTIDAS'!B3:B504,B33,' APU PARTIDAS'!M3:M504) -> 1339.18 | K33: =J33*H33 -> 41461.013 | L33: ACTV
B34: SELECCIÓN DE ROCA A PIE DE OBRA | C34: m3 | H34: 23.01 | J34: =SUMIF(' APU PARTIDAS'!B3:B504,B34,' APU PARTIDAS'!M3:M504) -> 3271.14 | K34: =J34*H34 -> 75268.931 | L34: ACTV
B35: PERFILADO DE TAUD PARA ENROCADO | C35: m2 | H35: 6 | J35: =SUMIF(' APU PARTIDAS'!B3:B504,B35,' APU PARTIDAS'!M3:M504) -> 1339.18 | K35: =J35*H35 -> 8035.08 | L35: ACTV
A36: MAT | B36: GEOTEXTIL NO TEJIDO PP 400G | C36: m2 | H36: 10.376 | J36: =SUMIF(' APU PARTIDAS'!B3:B504,B36,' APU PARTIDAS'!M3:M504) -> 5000.457 | K36: =J36*H36 -> 51884.742 | L36: MAT
A37: MANO DE OBRA | B37: CAPATAZ | C37: hh | H37: =25.26 -> 25.26 | J37: =SUMIF(' APU PARTIDAS'!B3:B504,B37,' APU PARTIDAS'!M3:M504) -> 242.62135 | K37: =J37*H37 -> 6128.6152 | L37: MOC
B38: OPERARIO | C38: hh | H38: =24.36 -> 24.36 | J38: =SUMIF(' APU PARTIDAS'!B3:B504,B38,' APU PARTIDAS'!M3:M504) -> 450.61629 | K38: =J38*H38 -> 10977.013 | L38: MOC
B39: OFICIAL | C39: hh | H39: =19.33 -> 19.33 | J39: =SUMIF(' APU PARTIDAS'!B3:B504,B39,' APU PARTIDAS'!M3:M504) -> 1638.0902 | K39: =J39*H39 -> 31664.283 | L39: MOC
B40: PEON | C40: hh | H40: =17.51 -> 17.51 | J40: =SUMIF(' APU PARTIDAS'!B3:B504,B40,' APU PARTIDAS'!M3:M504) -> 4557.9999 | K40: =J40*H40 -> 79810.577 | L40: MNC

Sheet Dimensionamiento equipos
B2: DIMENSIONAMIENTO MINIMO DE EQUIPOS
B5: DESCRIPCION | C5: UND | E5: Cant. Total | F5: hm total | G5: Cant. Meses | H5: hras/mes | I5: Jornada hrs/mes | J5: Cant Equipos | K5: Redondeo Equipos | L5: Turnos | M5: Cant Operadores
B6: Equipo Autopropulsado | K6: =SUM(K7:K9) -> 10 | M6: =SUM(M7:M9) -> 10
A7: EQUIPO PESADO | B7: =INSUMOS!B11 -> CAMION VOLQUETE 6X4 | C7: hm | E7: =INSUMOS!J11 -> 2701.9352 | F7: =E7 -> 2701.9352 | G7: 1 | H7: =F7/G7 -> 2701.9352 | I7: =16*30 -> 480 | J7: =H7/I7 -> 5.6290318 | K7: 8 | L7: 1 | M7: =L7*K7 -> 8
B8: =INSUMOS!B13 -> RETROEXCAVADORA C/BRAZO EXTENSIBLE | C8: hm | E8: =INSUMOS!J13 -> 135.2468 | F8: =E8 -> 135.2468 | G8: 1 | H8: =F8/G8 -> 135.2468 | I8: =16*30 -> 480 | J8: =H8/I8 -> 0.28176417 | K8: 1 | L8: 1 | M8: =L8*K8 -> 1
B9: =INSUMOS!B12 -> CAMION CISTERNA 5000 GLS | C9: hm | E9: =INSUMOS!J12 -> 317.58575 | F9: =E9 -> 317.58575 | G9: 1 | H9: =F9/G9 -> 317.58575 | I9: =16*30 -> 480 | J9: =H9/I9 -> 0.66163699 | K9: 1 | L9: 1 | M9: =L9*K9 -> 1
B10: EquipoPesado | K10: =SUM(K11:K14) -> 5 | M10: =SUM(M11:M14) -> 5
B11: =INSUMOS!B14 -> EXCAVADORA SOBRE ORUGAS 180-348 HP | C11: hm | E11: =INSUMOS!J14 -> 528.16075 | F11: =E11 -> 528.16075 | G11: 1 | H11: =F11/G11 -> 528.16075 | I11: =16*30 -> 480 | J11: =H11/I11 -> 1.1003349 | K11: 2 | L11: 1 | M11: =L11*K11 -> 2
B12: =INSUMOS!B16 -> TRACTOR SOBREORUGAS 190-240HP | C12: hm | E12: =INSUMOS!J16 -> 287.70743 | F12: =E12 -> 287.70743 | G12: 1 | H12: =F12/G12 -> 287.70743 | I12: =16*30 -> 480 | J12: =H12/I12 -> 0.59939048 | K12: 1 | L12: 1 | M12: =L12*K12 -> 1
B13: =INSUMOS!B15 -> MOTONIVELADORA 145 -150HP | C13: hm | E13: =INSUMOS!J15 -> 325.96549 | F13: =E13 -> 325.96549 | G13: 1 | H13: =F13/G13 -> 325.96549 | I13: =16*30 -> 480 | J13: =H13/I13 -> 0.67909476 | K13: 1 | L13: 1 | M13: =L13*K13 -> 1
B14: =INSUMOS!B17 -> RODILLO LISO VIBR. AUTOPROPULSADO 101-135HP 10-12TN | C14: hm | E14: =INSUMOS!J17 -> 325.96549 | F14: =E14 -> 325.96549 | G14: 1 | H14: =F14/G14 -> 325.96549 | I14: =16*30 -> 480 | J14: =H14/I14 -> 0.67909476 | K14: 1 | L14: 1 | M14: =L14*K14 -> 1
K16: =K6+K10 -> 15 | M16: =M6+M10 -> 15

Sheet Dimensionamiento de MO
B2: MANO DE OBRA CONSTRUCCION CIVIL
C4: UND | D4: Cant. Total | E4: hm total | F4: Cant. Meses | G4: hras/mes | H4: Jornada hrs/mes | I4: Cant Personal | J4: Redondeo Personal | K4: Turnos | L4: Cant. Obreros
B5: CAPATAZ | C5: hh | D5: =INSUMOS!J37 -> 242.62135 | E5: =D5 -> 242.62135 | F5: 1 | G5: =E5/F5 -> 242.62135 | H5: =192*2 -> 384 | I5: =G5/H5 -> 0.63182642 | J5: 1 | K5: 1 | L5: =K5*J5 -> 1
B6: OPERARIO | C6: hh | D6: =INSUMOS!J38 -> 450.61629 | E6: =D6 -> 450.61629 | F6: 1 | G6: =E6/F6 -> 450.61629 | H6: =192*2 -> 384 | I6: =G6/H6 -> 1.1734799 | J6: 2 | K6: 1 | L6: =K6*J6 -> 2
B7: OFICIAL | C7: hh | D7: =INSUMOS!J39 -> 1638.0902 | E7: =D7 -> 1638.0902 | F7: 1 | G7: =E7/F7 -> 1638.0902 | H7: =192*2 -> 384 | I7: =G7/H7 -> 4.2658598 | J7: 4 | K7: 1 | L7: =K7*J7 -> 4
B8: PEON | C8: hh | D8: =INSUMOS!J40 -> 4557.9999 | E8: =D8 -> 4557.9999 | F8: 1 | G8: =E8/F8 -> 4557.9999 | H8: =192*2 -> 384 | I8: =G8/H8 -> 11.869791 | J8: 12 | K8: 1 | L8: =K8*J8 -> 12
L9: =SUM(L5:L8) -> 19

Sheet COMPONENTES
A4: COSTO DIRECTO POR COMPONENTES Y COSTOS
A6: PROYECTO
A7: =PRESUPUESTO!B3 -> SERVICIO DE CONSTRUCCIÓN DE DIQUES Y PROTECCIÓN DE TALUDES DE DIQUES CON ENROCADO DEL SECTOR 2 SUBPROYECTO A4 PAMPA DEL TORO
A8: SUBCONTRATO: MOVIMIENTO DE TIERRAS | B8: C.D. | C8: =PRESUPUESTO!G54 -> 2098036.7
A9: FECHA PRESUPUESTO. | B9: =PRESUPUESTO!G5 -> 44707
A11: COMPONENTES DEL COSTO DIRECTO | B11: COSTO PARCIAL | C11: COSTO TOTAL
A12: I. MATERIALES | C12: =SUM(B13:B14) -> 127509.2 | F12: I. MATERIALES | G12: 127509.2
A13: 1.1 MATERIALES | B13: =SUMIF(INSUMOS!L11:L40,"MAT",INSUMOS!K11:K40) -> 51884.742 | F13: II MANO DE OBRA | G13: 121292.33
A14: 1.2.AGREGADOS | B14: =SUMIF(INSUMOS!L11:L40,"AGR",INSUMOS!K11:K40) -> 75624.457 | F14: III. MAQUINARIA Y EQUIPO | G14: 1082087.8
A15: II MANO DE OBRA | C15: =SUM(B16:B17) -> 128580.49 | F15: IV. HERRAMIENTAS | G15: 3638.77
A16: 2.1 MANO DE OBRA CALIFICADA | B16: =SUMIF(INSUMOS!L11:L40,"MOC",INSUMOS!K11:K40) -> 48769.911 | F16: V. GESTION | G16: 270000
A17: 2.2 MANO DE OBRA NO CALIFICADA | B17: =SUMIF(INSUMOS!L11:L40,"MNC",INSUMOS!K11:K40) -> 79810.577 | F17: VI. COMPLEMENTARIOS | G17: 459975.84
A18: III. MAQUINARIA Y EQUIPO | C18: =SUM(B19:B19) -> 1108113.7 | F18: TOTAL COSTO DIRECTO : | G18: 2064503.9
A19: 3.1 MAQUINARIA | B19: =SUM(B20:B22) -> 1108113.7
A20: EQUIPOS | B20: =INSUMOS!N18 -> 601542.05
A21: COMBUSTIBLE | B21: =INSUMOS!O18 -> 330914.15
A22: OPERADORES | B22: =INSUMOS!P18 -> 175657.54
A23: IV. HERRAMIENTAS | C23: =SUM(B24) -> 3857.4147
A24: 4.1 HERRAMIENTAS | B24: =SUMIF(INSUMOS!L11:L40,"HER",INSUMOS!K11:K40) -> 3857.4147
A25: V. GESTION | C25: =SUM(B26:B27) -> 270000
A26: 5.1 SEGURIDAD Y SALUD OCUPACIONAL | B26: =SUMIF(INSUMOS!L11:L40,"SSO",INSUMOS!K11:K40) -> 120000
A27: 5.2 IMPLEMENTACIÓN DEL PLAN PARA LA VIGILANCIA, PREVENCIÓN Y CONTROL DE COVID-19 EN EL TRABAJO | B27: =SUMIF(INSUMOS!L11:L40,"COVID",INSUMOS!K11:K40) -> 150000
A28: VI. COMPLEMENTARIOS | C28: =SUM(B29:B33) -> 459975.84
A29: 6.1 MOVIIZACION Y DESMOVILIZACION DE EQUIPOS | B29: =SUMIF(INSUMOS!L11:L40,"MOV",INSUMOS!K11:K40) -> 150000
A30: 6.2 GASTOS DE INSTALACION | B30: =SUMIF(INSUMOS!L11:L40,"INST",INSUMOS!K11:K40) -> 52800
A31: 6.3 TOPOGRAFIA | B31: =SUMIF(INSUMOS!L11:L40,"TOP",INSUMOS!K11:K40) -> 24144.782
A32: 6.4 SEGURIDAD VIAL | B32: =SUMIF(INSUMOS!L11:L40,"SEGV",INSUMOS!K11:K40) -> 56000
A33: 6.5 ACTIVIDADES | B33: =SUMIF(INSUMOS!L11:L40,"ACTV",INSUMOS!K11:K40) -> 177031.06
A35: TOTAL COSTO DIRECTO : | C35: =SUM(C12:C34) -> 2098036.7 | E35: --> HOJA COTIZACION

Sheet GANTT
B3: DIAGRAMA DE GANTT
C4: SERVICIO DE CONSTRUCCIÓN DE DIQUES Y PROTECCIÓN DE TALUDES DE DIQUES CON ENROCADO DEL SECTOR 2 SUBPROYECTO A4 PAMPA DEL TORO
B5: Presupuesto: | C5: =' APU PARTIDAS'!C5 -> Movimiento de tierras- Partidas | K5: =' APU PARTIDAS'!J5 -> Fecha Pres. | L5: =' APU PARTIDAS'!K5 -> 44707
B6: Subpresupuesto: | F6: PERIODO DE INGRESO E INSTALACION | H6: PERIODO DE EJECUCION
B7: ÍTEM | C7: DESCRIPCIÓN | D7: UNIDAD | E7: METRADO | F7: sem 1 | G7: sem 2 | H7: sem 3 | I7: sem 4 | J7: sem 5 | K7: sem 6 | L7: sem 7 | M7: sem 8
B8: 1.01 | C8: OBRAS PROVISIONALES
B9: 36892 | C9: CARTEL DE IDENTIFICACIÓN DE OBRA 4.8 m x 3.60 m | D9: und | E9: 1
B10: 37257 | C10: INSTALACIONES PROVISIONALES PARA LA OBRA | D10: glb | E10: 1
B11: 37622 | C11: MANTENIMIENTO DE TRANSITO Y SEGURIDAD VIAL | D11: mes | E11: 1
B12: 1.02 | C12: TRABAJOS PRELIMINARES
B13: 36893 | C13: MOVILIZACION Y DESMOVILIZACION DE EQUIPOS | D13: glb | E13: 1
B14: 37258 | C14: TRAZO Y REPLANTEO DE OBRA | D14: m2 | E14: 6820.56
B15: 1.03 | C15: DIQUES Y PROTECCIÓN DE CAUCE CON ENROCADO
B16: 36894 | C16: DIQUE DE TIERRA COMPACTADA
B17: 1.03.01.01 | C17: DESBROCE Y LIMPIEZA EN ZONA NO BOSCOSA | D17: m2 | E17: 3665.08
B18: 1.03.01.02 | C18: EXCAVACIÓN EN MATERIAL SUELTO CON EQUIPO | D18: m3 | E18: 2391.28
B19: 1.03.01.03 | C19: PERFILADO Y COMPACTACIÓN EN ZONA DE CORTE | D19: m2 | E19: 3003.65
B20: 1.03.01.04 | C20: CONFORMACIÓN DE CUERPO DEL DIQUE | D20: m3 | E20: 3660.35
B21: 1.03.01.05 | C21: CONFORMACIÓN DE MATERIAL GRANULAR EN CORONA DEL DIQUE | D21: m3 | E21: 416.11
B22: 37259 | C22: ENROCADO CON PIEDRA ACOMODADA
B23: 01.03.02.01 | C23: DESBROCE Y LIMPIEZA EN ZONA NO BOSCOSA | D23: m2 | E23: 1513.32
B24: 01.03.02.02 | C24: EXCAVACIÓN EN MATERIAL SUELTO CON EQUIPO | D24: m3 | E24: 2247.34
B25: 01.03.02.03 | C25: PERFILADO Y COMPACTACIÓN EN ZONA DE CORTE | D25: m2 | E25: 3178.85
B26: 01.03.02.04 | C26: GEOTEXTIL NO TEJIDO 400 gr/m2, INC. COLOCACIÓN | D26: m2 | E26: 4762.34
B27: 01.03.02.05 | C27: CAMA DE APOYO (e=0.25 m) | D27: m3 | E27: 884.8
B28: 01.03.02.06 | C28: COLOCACIÓN Y ACOMODO DE ROCA EN UÑA DEL DIQUE | D28: m3 | E28: 1331.96
B29: 01.03.02.07 | C29: COLOCACIÓN Y ACOMODO DE ROCA EN TALUD DEL DIQUE | D29: m3 | E29: 1339.18
B30: 37624 | C30: PROTECCIÓN DEL CAUCE CON ENROCADO
B31: 1.03.03.01 | C31: EXCAVACIÓN EN MATERIAL SUELTO CON EQUIPO | D31: m3 | E31: 600
B32: 1.03.03.02 | C32: PERFILADO Y COMPACTACIÓN CON EQUIPO DE FONDO DE EXCAVACIÓN | D32: m2 | E32: 600
B33: 1.03.03.03 | C33: COLOCACIÓN DE ROCA EN CAUCE | D33: m3 | E33: 600
B34: 1.04 | C34: REPOSICIÓN DE CAMINO DE ACCESO
B35: 36895 | C35: DESBROCE Y LIMPIEZA EN ZONA NO BOSCOSA | D35: m2 | E35: 991.27
B36: 37260 | C36: EXCAVACIÓN EN MATERIAL SUELTO CON EQUIPO | D36: m3 | E36: 322.42
B37: 37625 | C37: PERFILADO Y COMPACTACIÓN EN ZONA DE CORTE | D37: m2 | E37: 864.97
B38: 37990 | C38: CONFORMACIÓN DE TERRAPLEN EN CAMINO | D38: m3 | E38: 164.24
B39: 38356 | C39: MATERIAL AFIRMADO e=0.30 m | D39: m3 | E39: 278.38
B40: 1.05 | C40: TRANSPORTE DE MATERIAL
B41: 36896 | C41: TRANSPORTE DE MATERIAL GRANULAR PARA DISTANCIAS < 1KM | D41: m3-km | E41: 3832.26
B42: 37261 | C42: TRANSPORTE DE MATERIAL GRANULAR PARA DISTANCIAS > 1KM | D42: m3-km | E42: 41153.22
B43: 37626 | C43: TRANSPORTE DE ROCA PARA DISTANCIAS < 1KM | D43: m3-km | E43: 2878.61
B44: 37991 | C44: TRANSPORTE DE ROCA PARA DISTANCIAS > 1KM | D44: m3-km | E44: 53450.47
B45: 38357 | C45: TRANSPORTE DE MATERIAL EXCEDENTE PARA DISTANCIAS < 1KM | D45: m3-km | E45: 6661.7
B46: 38722 | C46: TRANSPORTE DE MATERIAL EXCEDENTE PARA DISTANCIAS > 1KM | D46: m3-km | E46: 28009.43
B47: 1.06 | C47: MONITOREO Y CONTROL AMBIENTAL
B48: 36897 | C48: PROGRAMA DE CIERRE DE OBRA
B49: 1.06.01.01 | C49: ACONDICIONAMIENTO DE DEPÓSITOS DE MATERIALES EXCEDENTES (DME) | D49: m3 | E49: 7570.12
B50: 1.06.01.02 | C50: RESTAURACIÓN DE ÁREAS DE INSTALACIONES PROVISIONALES | D50: m2 | E50: 1000
B51: 1.07 | C51: OTROS
B52: 36898 | C52: SEGURIDAD Y SALUD OCUPACIONAL | D52: glb | E52: 1
B53: 37263 | C53: IMPLEMENTACIÓN DEL PLAN PARA LA VIGILANCIA, PREVENCIÓN Y CONTROL DE COVID-19 EN EL TRABAJO | D53: glb | E53: 1
C55: sujeto a los estandares de ingreso del cliente

Sheet RESUMEN FINANCIERO
A4: RESUMEN DEL COSTO TOTAL DE FINANCIAMIENTO
A7: PROYECTO
A8: =PRESUPUESTO!B3 -> SERVICIO DE CONSTRUCCIÓN DE DIQUES Y PROTECCIÓN DE TALUDES DE DIQUES CON ENROCADO DEL SECTOR 2 SUBPROYECTO A4 PAMPA DEL TORO
A9: =[217]ACU!B9 -> SUBCONTRATO:
A10: =[217]ACU!C10 -> MOVIMIENTO DE TIERRAS
A12: COSTO DIRECTO DE OBRA | E12: =PRESUPUESTO!G54 -> 2098036.7
A13: GASTOS GENERALES DE OBRA | B13: ( | C13: =PRESUPUESTO!D56 -> 0.20134157 | D13: C.D.) : | E13: =E12*C13 -> 422422
A14: UTILIDAD | B14: ( | C14: 0.1 | D14: C.D.) : | E14: =C14*E12 -> 209803.67
A15: PARCIAL | E15: =E12+E13+E14 -> 2730262.4
A16: IGV | B16: ( | C16: 0.18 | D16: ) : | E16: =C16*E15 -> 491447.22
A17: COSTO TOTAL DE FINANCIAMIENTO: | E17: =PRESUPUESTO!G59 -> 3221709.6
